 Dungeon Crawl Stone Soup version 0.19-b1-3-g7dea586 (webtiles) character file.

436169 sleepydude the Slayer (level 22, -3/217 HPs)
             Began as a Minotaur Berserker on Oct 29, 2016.
             Was the Champion of Trog.
             Killed from afar by a quicksilver dragon (30 damage)
             ... with a bolt of dispelling energy
             ... on level 4 of the Vaults on Oct 30, 2016.
             The game lasted 03:31:05 (58542 turns).

sleepydude the Slayer (Minotaur Berserker)         Turns: 58542, Time: 03:31:06

Health: -3/217     AC: 46    Str: 38    XL:     22   Next: 93%
Magic:  27/27      EV: 20    Int:  3    God:    Trog [******]
Gold:   4023       SH: 28    Dex: 12    Spells: 0 memorised, 21 levels left

rFire  + + .     SeeInvis .     M - +8 eveningstar (vamp)
rCold  + + +     Gourm    .     r - +6 plate armour of the Game of Kings {rN+ Str+6}
rNeg   + . .     Faith    .     U - +5 shield of the Hart {rF++ rC+++ Int-3}
rPois  .         Spirit   .     K - +0 hat
rElec  .         Reflect  +     I - +2 cloak {MR+}
rCorr  .         Harm     .     L - +2 pair of gloves
MR     +++..                    J - +0 pair of boots {run}
Stlth  ..........               m - +6 amulet of reflection
                                B - ring of Robustness {AC+8}
                                W - ring of protection from magic

@: very slightly contaminated, hasted (expiring), drained, very quick
A: retaliatory headbutt, horns 2, yellow scales 1, camouflage 1, clever 1, cold
resistance 1, strong 1
a: Berserk, Trog's Hand, Brothers in Arms, Burn Spellbooks, Renounce Religion
}: 2/15 runes: barnacled, gossamer


You were on level 4 of the Vaults.
You worshipped Trog.
Trog was exalted by your worship.
You were not hungry.

You visited 7 branches of the dungeon, and saw 41 of its levels.
You also visited: Labyrinth, Trove, Ossuary, Ice Cave and Volcano.

You collected 7406 gold pieces.
You spent 3383 gold pieces at shops.

Inventory:

Hand Weapons
 q - the +10 eveningstar "Jyplowk" {venom, rElec Int+4}
   (Trog gifted it to you on level 2 of the Vaults)

   It poisons the flesh of those it strikes.
   It affects your intelligence (+4).
   It insulates you from electricity.
 M - a +8 vampiric eveningstar (weapon)
 N - the +5 mace of the Wasp {venom, *Slow Str+3 Int+5 SInv}
   (Trog gifted it to you on level 2 of the Orcish Mines)

   It poisons the flesh of those it strikes.
   It affects your strength (+3).
   It affects your intelligence (+5).
   It lets you see invisible.
   It may slow you when you take damage.
 O - a +3 antimagic demon whip
Armour
 r - the +6 plate armour of the Game of Kings (worn) {rN+ Str+6}
   (You bought it in a shop on level 2 of the Orcish Mines)

   It affects your strength (+6).
   It protects you from negative energy.
 I - a +2 cloak of magic resistance (worn)
 J - a +0 pair of boots of running (worn)
 K - a +0 hat (worn)
 L - a +2 pair of gloves (worn)
 U - the +5 shield of the Hart (worn) {rF++ rC+++ Int-3}
   (You found it on level 14 of the Dungeon)

   It affects your intelligence (-3).
   It greatly protects you from fire.
   It renders you almost immune to cold.
Rods
 P - a +2 rod of clouds (11/11)
   (You found it in a labyrinth)
Jewellery
 a - a +5 ring of dexterity
 b - an uncursed ring of protection from cold
 m - a +6 amulet of reflection (around neck)
 p - an uncursed ring of protection from fire
 B - the ring of Robustness (right hand) {AC+8}
   (You found it in a treasure trove)

   [ring of protection]

   It affects your AC (+8).
 H - the amulet "Vuodoeh" {+Rage rPois Str+8}
   (You found it on level 2 of the Spider Nest)

   [amulet of rage]

   It affects your strength (+8).
   It protects you from poison.
   It lets you go berserk.
 W - a ring of protection from magic (left hand)
 Y - an uncursed ring of poison resistance
 Z - the ring "Guza" {rPois Int+3 Slay+5}
   (You found it on level 3 of the Spider Nest)

   [ring of poison resistance]

   It affects your intelligence (+3).
   It affects your accuracy and damage with ranged weapons and melee attacks
   (+5).
   It protects you from poison.
Wands
 k - a wand of digging (15/24)
 S - a wand of hasting (4/9)
Scrolls
 c - a scroll of brand weapon
 d - 21 scrolls of remove curse {@r2}
 e - 5 scrolls of fear
 h - a scroll of holy word
 i - 8 scrolls of enchant armour
 o - a scroll of teleportation
 t - 6 scrolls of identify {@r1}
 z - 10 scrolls of recharging
 E - a scroll of silence
 Q - 3 scrolls of fog
 V - 2 scrolls of magic mapping
 X - 2 scrolls of summoning
Potions
 f - 12 potions of curing {@q1}
 j - 3 potions of might
 l - 2 potions of cancellation
 n - 12 potions of heal wounds
 u - 3 potions of haste
 v - 12 potions of flight
 x - a potion of cure mutation
 A - 3 potions of invisibility
 R - 5 potions of resistance
 T - a potion of agility
Miscellaneous
 w - 2 sacks of spiders
Comestibles
 s - 7 meat rations
 C - 4 fruits


   Skills:
 + Level 22.7(22.3) Fighting
 - Level 16.7(16.4) Maces & Flails
 + Level 22.4(22.0) Armour
 + Level 21.3(20.8) Dodging
 + Level 18.9(18.5) Shields
 - Level 8.1(7.8) Evocations


You had 21 spell levels left.
You didn't know any spells.

Dungeon Overview and Level Annotations

Branches:
Dungeon (15/15)            Temple (0/1) D:7            Lair (6/6) D:11
 Shoals (4/4) Lair:4       Spider (4/4) Lair:3          Orc (2/2) D:12
    Elf (0/3) Orc:2        Vaults (5/5) D:14          Crypt (0/3) Vaults:3
 Depths (5/5) D:15            Zot (0/5) Depths:5
  Slime: Lair:5-6

Altars:
Ashenzari
Dithmenos
Fedhas
Nemelex Xobeh
Ru
Vehumet
Beogh
Lugonu

Shops:
D:6 =   D:8 :   D:14 [   Orc:2 *[?!   Shoals:3 :   Vaults:1 ?   Depths:3 %%:?
Depths:5 (:}}=!

Portals:
Hell: Depths:1 Depths:2 Depths:3 Depths:4 Depths:5
Abyss: Depths:2 Depths:3 Depths:4
Pandemonium: Depths:3 Depths:4
Ziggurat: Depths:2

Annotations:
Shoals:4 Ilsuiw


Innate Abilities, Weirdness & Mutations

You reflexively headbutt those who attack you in melee.
You have a pair of horns on your head.
You are partially covered in yellow scales. (AC +2)
Your skin changes colour to match your surroundings (Stealth+).
Your mind is acute. (Int +2)
Your flesh is cold resistant. (rC+)
Your muscles are strong. (Str +2)


Message History

This wand has 4 charges left.
You feel less vulnerable to hostile enchantments.
You block the quicksilver dragon's attack.
The quicksilver dragon misses you. You block the stone giant's attack.
The storm dragon breathes lightning at you.
The bolt of lightning hits you!
* * * LOW HITPOINT WARNING * * *
The shadow dragon breathes negative energy at you.
The bolt of negative energy misses you.
You open the door.
You block the quicksilver dragon's attack.
The quicksilver dragon misses you. You block the stone giant's attack.
You block the storm dragon's attack.
The storm dragon claws you but does no damage.
The storm dragon tramples you but does no damage.
There is an open door here.
The quicksilver dragon breathes dispelling energy at you.
The bolt of dispelling energy hits you!
Your magical effects are unravelling.
You die...

..#.........'..#......#..#
###.........#..#......#..#
............#..#......#..#
###.........#..#......#..#
..#.........#..#......#..#
..#.........#'####''####'#
..#.........#.........)..#
..#.........+............#
..#.........#...@........#
..#.........#.....[......#
###.........######D#######
............# ##CD..#
............# ##xD..##
............# ##[>)!## ###
##########..# #.()[..###.#
.........#..# #.......#.[#
.........#..# #..#.......#


You could see a storm dragon, a quicksilver dragon and a stone giant.

Vanquished Creatures
  A juggernaut (Depths:4)
  Saint Roka (Orc:2)
  2 golden dragons (Depths:5)
  Nikola (Spider:1)
  Jory (Depths:4)
  A bone dragon (Depths:5)
  Arachne (Spider:4)
  4 tentacled monstrosities
  5 titans
  A quicksilver dragon (Depths:4)
  Asterion (Depths:1)
  3 liches
  5 sphinxes
  Frances (Spider:2)
  7 shadow dragons
  Kirke (D:14)
  3 storm dragons
  Donald (Vaults:1)
  3 tengu reavers
  6 fire giants
  An iron dragon (Depths:5)
  12 vault wardens
  4 ghost moths
  5 frost giants
  2 deep elf sorcerers
  A deep elf elementalist (Depths:4)
  7 emperor scorpions
  14 ironheart preservers
  2 spriggan defenders (Depths:4)
  4 vampire knights
  10 very ugly things
  20 stone giants
  An entropy weaver (Vaults:4)
  A black draconian (Depths:5)
  2 green draconians (Depths:5)
  8 spark wasps
  Azrael (Spider:2)
  3 mottled draconians (Depths:5)
  A purple draconian (Depths:5)
  2 white draconians (Depths:5)
  7 merfolk javelineers
  7 ettins
  13 merfolk impalers
  A crystal guardian (Vaults:3)
  4 jiangshi
  The ghost of pokedragonboy the Cleaver, a journeyman MiFi of Gozag (Lair:2)
  17 yaktaur captains
  13 fire dragons
  A deep elf high priest (Depths:4)
  Harold (Lair:4)
  A minotaur (Lab)
  5 hydras
  14 ogre magi
  16 ice dragons
  A hell beast (Depths:1)
  3 rakshasas
  8 great orbs of eyes
  30 vault guards
  2 catoblepae
  6 spriggan air magi
  3 merfolk avatars
  2 merfolk aquamancers
  5 deep troll shamans
  4 satyrs
  8 centaur warriors
  2 vampire magi
  2 tengu warriors
  5 deep troll earth magi
  2 orc high priests
  2 spriggan berserkers (Depths:2)
  A deep elf knight (Vaults:3)
  Nergalle (Lair:2)
  3 iron trolls
  2 shadow wraiths
  2 skeletal warriors (Volcano)
  2 fire crabs
  A hell knight (Depths:4)
  7 unseen horrors
  8 sea snakes
  5 glowing orange brains
  24 deep trolls
  An unseen horror (shapeshifter) (Vaults:1)
  A flayed ghost (Vaults:4)
  4 wizards
  A deep elf archer (Vaults:3)
  An orange crystal statue (Depths:1)
  Pikel (D:5)
  2 phantasmal warriors
  7 hill giants
  A harpy (shapeshifter) (Depths:2)
  2 anaconda skeletons (Volcano)
  7 necromancers
  40 ugly things
  24 orb spiders
  20 ironbrand convokers
  2 orc sorcerers (Orc:2)
  13 manticores
  A salamander (shapeshifter) (Vaults:4)
  8 orc knights
  6 cyclopes
  A salamander (Depths:2)
  4 deep elf magi (Vaults:3)
  Maurice (D:8)
  32 wolf spiders
  A black mamba (shapeshifter) (Depths:1)
  2 moths of wrath
  11 fauns
  Joseph (D:8)
  7 sirens
  12 elephants
  8 gargoyles
  17 vault sentinels
  2 water nymphs (Shoals:2)
  4 black mambas
  2 ice statues (IceCv)
  An eye of devastation (shapeshifter) (Vaults:4)
  2 torpor snails
  A rime drake (shapeshifter) (Vaults:3)
  3 molten gargoyles (Lair:6)
  A torpor snail (shapeshifter) (Vaults:4)
  2 centaur skeletons (D:14)
  68 yaktaurs
  2 hellwings (Depths:2)
  6 spiny frogs
  3 kobold demonologists
  2 yaktaur skeletons
  5 rime drakes
  A tengu conjurer (Depths:5)
  13 komodo dragons
  14 demonic crawlers
  4 freezing wraiths
  2 wind drakes (Shoals:3)
  23 jumping spiders
  A polar bear (shapeshifter) (Vaults:3)
  10 trolls
  A hornet (shapeshifter) (D:14)
  A meliai (shapeshifter) (D:14)
  2 queen bees (shapeshifter)
  2 two-headed ogres (shapeshifter)
  A wind drake (shapeshifter) (Vaults:3)
  8 hornets
  30 two-headed ogres
  29 merfolk
  A dream sheep (shapeshifter) (Depths:4)
  12 blink frogs
  17 hippogriffs
  4 dream sheep (Shoals:2)
  4 harpy skeletons
  9 snapping turtles
  23 slime creatures
  A fire giant simulacrum (Vaults:4)
  7 flying skulls
  2 tarantellas (shapeshifter)
  66 redbacks
  2 alligator skeletons (Volcano)
  A basilisk (shapeshifter) (Vaults:4)
  7 air elementals
  A wyvern (shapeshifter) (Depths:2)
  7 wyverns
  11 water elementals
  31 tarantellas
  An ettin skeleton (Vaults:4)
  A vampire (D:10)
  A wraith (D:14)
  50 yaks
  5 hungry ghosts
  The ghost of Voda the Firebug, an amateur HOFE (D:4)
  7 basilisks
  A steam dragon (D:12)
  2 fire bats (Shoals:3)
  A fire elemental (Spider:2)
  3 hogs (D:14)
  3 mottled dragons
  3 human zombies
  3 vampire mosquitoes (D:15)
  5 wargs
  2 soldier ants
  5 porcupines
  14 water moccasins
  Duvessa (D:6)
  10 hell hounds
  A floating eye (Depths:5)
  3 sky beasts
  33 orc warriors
  26 ice beasts
  A black bear (shapeshifter) (Depths:1)
  A necrophage (D:13)
  An elf zombie (Vaults:4)
  2 phantoms (D:12)
  A slave (D:5)
  6 boggarts
  55 ogres
  15 centaurs
  11 wolves
  2 human skeletons (Vaults:4)
  7 crocodiles
  6 big kobolds
  14 bullfrogs
  2 wyvern zombies
  Dowan (D:6)
  A scorpion (D:12)
  2 wyvern skeletons
  An orc simulacrum (Vaults:1)
  17 killer bees
  2 spriggan skeletons (Volcano)
  A wight (Vaults:3)
  2 howler monkeys
  2 electric eels (Spider:4)
  A troll skeleton (Volcano)
  3 bullfrog zombies
  5 centaur zombies
  4 lava snakes (Lair:6)
  5 crimson imps
  4 human simulacra
  3 quasits
  5 hounds
  A jelly (D:6)
  18 orc priests
  22 orc wizards
  A bullfrog skeleton (D:4)
  Jessica (D:2)
  4 iguanas
  Ijyb (D:2)
  2 hell rats (D:11)
  10 worker ants
  A killer bee zombie (D:7)
  A naga skeleton (Volcano)
  5 hound zombies (Ossuary)
  A hound skeleton (D:7)
  A worker ant zombie (D:10)
  13 mummies (Ossuary)
  A howler monkey zombie (Ossuary)
  9 gnolls
  12 adders
  4 river rats (D:11)
  2 shadow imps
  An ooze (D:6)
  8 adder zombies
  An adder skeleton (D:4)
  2 worms (D:5)
  5 leopard geckos
  105 orcs
  A ball python (shapeshifter) (Depths:3)
  10 bats
  A giant cockroach (D:2)
  5 goblins
  5 hobgoblins
  24 jackals
  36 kobolds
  7 quokkas
  2 ball pythons (D:2)
  8 frilled lizards
  A giant cockroach zombie (D:6)
  3 jackal zombies (Ossuary)
  2 leopard gecko zombies (Ossuary)
  A quokka zombie (Ossuary)
  2 rats
  6 plants
1794 creatures vanquished.

Vanquished Creatures (collateral kills)
  A vault warden (Vaults:5)
  3 vault guards (Vaults:5)
  An ogre mage (Vaults:5)
  An ironbrand convoker (Vaults:5)
  A crawling corpse (Vaults:5)
7 creatures vanquished.

Vanquished Creatures (others)
  A stone giant (Depths:4)
  3 yaktaur captains
  2 shadow wraiths (Vaults:3)
  An ironbrand convoker (Vaults:4)
  A deep elf archer (Vaults:1)
  An orb spider (Spider:1)
  2 cyclopes
  A black mamba (Lair:6)
  14 yaktaurs
  2 humans (D:14)
  An orc warrior (Vaults:3)
  A necrophage (D:5)
  A phantom (D:5)
  3 ogres
  A boggart (Depths:2)
  3 centaurs
  An orc wizard (D:5)
  2 orcs (D:5)
  A giant cockroach (D:5)
  A quokka (D:5)
  A bush (Lair:6)
  11 fungi
  24 plants
  A withered plant (Ossuary)
80 creatures vanquished.

Grand Total: 1881 creatures vanquished

Notes
Turn   | Place    | Note
-------+----------+-------------------------------------------
     0 | D:1      | sleepydude the Minotaur Berserker began the quest for the Orb.
     0 | D:1      | Reached XP level 1. HP: 19/19 MP: 0/0
   296 | D:1      | Reached XP level 2. HP: 24/27 MP: 1/1
   846 | D:2      | Reached XP level 3. HP: 22/33 MP: 2/2
  1037 | D:2      | Reached XP level 4. HP: 39/40 MP: 3/3
  1075 | D:2      | Noticed Jessica
  1087 | D:2      | Killed Jessica
  1087 | D:2      | Reached skill level 5 in Maces & Flails
  1133 | D:2      | Reached ** piety under Trog
  1279 | D:2      | Noticed Ijyb
  1285 | D:2      | Killed Ijyb
  1285 | D:2      | Reached XP level 5. HP: 44/47 MP: 4/4
  1558 | D:3      | Found a radiant altar of Vehumet.
  2162 | D:3      | Reached XP level 6. HP: 55/55 MP: 5/5
  2520 | D:4      | Reached skill level 5 in Fighting
  2649 | D:4      | Reached *** piety under Trog
  2936 | D:4      | Noticed Voda's ghost (amateur HOFE)
  2953 | D:4      | Killed Voda's ghost
  2953 | D:4      | Reached XP level 7. HP: 61/61 MP: 6/6
  3117 | D:5      | Entered Level 5 of the Dungeon
  3217 | D:5      | Reached skill level 5 in Armour
  3298 | D:5      | Noticed Pikel
  3310 | D:5      | Killed Pikel
  3310 | D:5      | Reached skill level 5 in Dodging
  3310 | D:5      | Reached XP level 8. HP: 71/71 MP: 7/7
  4092 | D:6      | Noticed Dowan
  4093 | D:6      | Noticed Duvessa
  4274 | D:6      | Killed Duvessa
  4280 | D:6      | Killed Dowan
  4372 | D:6      | Found Keapucs's Jewellery Shoppe.
  4638 | D:6      | Reached XP level 9. HP: 79/79 MP: 8/8
  4669 | D:6      | Reached **** piety under Trog
  4692 | D:6      | Reached skill level 10 in Maces & Flails
  5433 | D:7      | Found a staircase to the Ecumenical Temple.
  5897 | D:7      | Found a blossoming altar of Fedhas.
  5898 | D:7      | Found a shadowy altar of Dithmenos.
  5947 | D:8      | Noticed Maurice
  6031 | D:8      | Killed Maurice
  6069 | D:8      | Noticed Joseph
  6091 | D:8      | Killed Joseph
  6091 | D:8      | Reached XP level 10. HP: 67/90 MP: 9/9
  6144 | D:8      | Found a sand-covered staircase.
  6150 | Ossuary  | Entered an ossuary
  6302 | Ossuary  | Reached ***** piety under Trog
  6631 | D:7      | Gained mutation: Your mind is acute. (Int +2) [potion of beneficial mutation]
  6632 | D:7      | Gained mutation: Your flesh is cold resistant. (rC+) [potion of beneficial mutation]
  6767 | D:8      | Found Ehourch's Book Shop.
  7091 | D:9      | Received a gift from Trog
  7263 | D:9      | Noticed a purple ugly thing
  7275 | D:9      | Killed a purple ugly thing
  7419 | D:9      | Received a gift from Trog
  7993 | D:9      | Reached XP level 11. HP: 94/99 MP: 10/10
  8432 | D:10     | Entered Level 10 of the Dungeon
  8686 | D:10     | Reached skill level 10 in Fighting
  8831 | D:10     | Found a sacrificial altar of Ru.
  9454 | D:10     | Noticed a vault guard
  9464 | D:10     | Killed a vault guard
  9475 | D:10     | Found a portal to a secret trove of treasure.
  9494 | D:10     | Noticed a hill giant
  9517 | D:10     | Killed a hill giant
  9603 | D:11     | Found a staircase to the Lair.
  9686 | D:11     | Reached skill level 10 in Armour
  9848 | D:11     | Killed an unseen horror
 10096 | D:11     | Noticed a purple ugly thing
 10115 | D:11     | Killed a purple ugly thing
 10280 | D:11     | Noticed a red ugly thing
 10294 | D:11     | Killed a red ugly thing
 10752 | D:11     | Noticed a sixfirhy
 10979 | D:11     | Got a jacinth-studded leather armour
 10990 | D:11     | Identified the +1 leather armour of Disaster {+Fly Int+4 Dex+4 SInv} (You found it on level 11 of the Dungeon)
 11200 | Lair:1   | Entered Level 1 of the Lair of Beasts
 11227 | Lair:1   | Reached XP level 12. HP: 98/110 MP: 11/11
 11241 | Lair:1   | Reached skill level 10 in Dodging
 11291 | Lair:1   | Found a labyrinth entrance.
 11305 | Lab      | Entered a labyrinth
 11522 | Lab      | Noticed a minotaur
 11529 | Lab      | Killed a minotaur
 11529 | Lab      | Reached skill level 15 in Maces & Flails
 11531 | Lab      | Got a slimy hand axe {distort}
 11734 | Lab      | Identified the Catalogue of Fetching Heat
 11736 | Lab      | Got a steaming ring mail
 11749 | Lab      | Identified the +5 ring mail of Poor Excuses {rN++} (You found it in a labyrinth)
 12071 | Lair:2   | Received a gift from Trog
 12132 | Lair:2   | Noticed Nergalle
 12142 | Lair:2   | Killed Nergalle
 12381 | Lair:2   | Noticed pokedragonboy's ghost (journeyman MiFi)
 12394 | Lair:2   | Killed pokedragonboy's ghost
 12564 | Lair:2   | Noticed an eight-headed hydra
 12572 | Lair:2   | Killed an eight-headed hydra
 13568 | Lair:3   | Found a frozen archway.
 13600 | IceCv    | Entered an ice cave
 13843 | IceCv    | Noticed an ice dragon
 13844 | IceCv    | Noticed an ice dragon
 13858 | IceCv    | Killed an ice dragon
 14101 | IceCv    | Killed an ice dragon
 14101 | IceCv    | Reached XP level 13. HP: 119/119 MP: 12/12
 14289 | Lair:3   | Found a hole to the Spider Nest.
 15684 | Lair:4   | Found a staircase to the Shoals.
 16131 | Lair:4   | Noticed Harold
 16142 | Lair:4   | Killed Harold
 16771 | Lair:5   | Found a dark tunnel.
 16780 | Volcano  | Entered a volcano
 17641 | Lair:5   | Received a gift from Trog
 17911 | Lair:5   | You fall through a shaft!
 17911 | Lair:6   | Entered Level 6 of the Lair of Beasts
 17984 | Lair:6   | Reached XP level 14. HP: 130/130 MP: 13/13
 18490 | Lair:6   | Found a large runed door.
 19475 | Lair:6   | Found a large runed door.
 20583 | D:12     | Found a staircase to the Orcish Mines.
 20630 | Orc:1    | Entered Level 1 of the Orcish Mines
 20854 | Orc:1    | Received a gift from Trog
 20883 | Orc:1    | Found a roughly hewn altar of Beogh.
 21183 | Orc:2    | Entered Level 2 of the Orcish Mines
 21183 | Orc:2    | Found a roughly hewn altar of Beogh.
 21212 | Orc:2    | Noticed Saint Roka
 21476 | Orc:1    | Reached skill level 15 in Fighting
 21814 | Orc:2    | Paralysed by an ogre mage for 2 turns
 23041 | Orc:2    | Received a gift from Trog
 23047 | Orc:2    | Got an encrusted mace {god gift}
 23058 | Orc:2    | Identified the +5 mace of the Wasp {venom, *Slow Str+3 Int+5 SInv} (Trog gifted it to you on level 2 of the Orcish Mines)
 23098 | Orc:2    | Found Otysiqawn's Magic Scroll Boutique.
 23540 | Orc:2    | Found Wotin's Assorted Antiques.
 23546 | Orc:2    | Found Jurcha's Distillery.
 23554 | Orc:2    | Reached skill level 15 in Armour
 23559 | Orc:2    | Found Hinul's Armour Shop.
 23613 | Orc:2    | Killed Saint Roka
 23613 | Orc:2    | Reached XP level 15. HP: 143/143 MP: 14/14
 23683 | Orc:2    | Found a staircase to the Elven Halls.
 23999 | Orc:2    | Bought the +6 plate armour of the Game of Kings {rN+ Str+6} for 1075 gold pieces
 24027 | Orc:2    | Bought a scroll of teleportation for 42 gold pieces
 24785 | D:13     | Found a sparkling altar of Nemelex Xobeh.
 24816 | D:13     | Reached ****** piety under Trog
 24841 | D:13     | Found a roughly hewn altar of Beogh.
 24892 | D:13     | Received a gift from Trog
 24979 | D:13     | Reached skill level 1 in Evocations
 25867 | D:14     | Found Astey's Antique Armour Shop.
 26000 | Orc:2    | Bought a +1 pair of gloves for 161 gold pieces
 26156 | Shoals:1 | Entered Level 1 of the Shoals
 27000 | Shoals:2 | Received a gift from Trog
 27607 | Shoals:2 | Reached skill level 15 in Dodging
 27758 | Shoals:3 | Found Xaufedgh's Book Emporium.
 27767 | Shoals:3 | Identified a +2 rod of clouds (11/11) (You found it in a labyrinth)
 29040 | Shoals:3 | Reached XP level 16. HP: 139/152 MP: 18/18
 29373 | Shoals:3 | Identified a scroll of acquirement
 29621 | Shoals:4 | Entered Level 4 of the Shoals
 29656 | Shoals:4 | Reached skill level 5 in Evocations
 29750 | Shoals:4 | Received a gift from Trog
 31691 | Shoals:4 | Got a barnacled rune of Zot
 31784 | Shoals:4 | Noticed Ilsuiw
 33163 | Spider:1 | Entered Level 1 of the Spider Nest
 33915 | Spider:1 | Noticed Nikola
 33929 | Spider:1 | Killed Nikola
 34360 | Spider:2 | Noticed Frances
 34371 | Spider:2 | Killed Frances
 34379 | Spider:2 | Noticed Azrael
 34379 | Spider:2 | Received a gift from Trog
 34772 | Spider:2 | Killed Azrael
 35458 | Spider:2 | Reached XP level 17. HP: 163/163 MP: 21/21
 36128 | Spider:2 | Got a clouded steel amulet
 36129 | Spider:2 | Identified the amulet "Vuodoeh" {+Rage rPois Str+8} (You found it on level 2 of the Spider Nest)
 36277 | Spider:2 | Received a gift from Trog
 36778 | Spider:3 | Got a pitted turquoise ring
 36781 | Spider:3 | Identified the ring "Guza" {rPois Int+3 Slay+5} (You found it on level 3 of the Spider Nest)
 37469 | Spider:4 | Entered Level 4 of the Spider Nest
 37947 | Spider:4 | Noticed Arachne
 37970 | Spider:4 | Killed Arachne
 38253 | Spider:4 | Received a gift from Trog
 39704 | Spider:4 | Got a gossamer rune of Zot
 40297 | D:14     | Noticed Kirke
 40316 | D:14     | Killed Kirke
 40428 | D:14     | Got an encrusted shield
 40444 | D:14     | Identified the +5 shield of the Hart {rF++ rC+++ Int-3} (You found it on level 14 of the Dungeon)
 40550 | D:14     | Reached skill level 1 in Shields
 40564 | D:14     | Found a gate to the Vaults.
 40909 | D:15     | Entered Level 15 of the Dungeon
 41000 | D:15     | Found a staircase to the Depths.
 41018 | D:15     | Reached XP level 18. HP: 152/174 MP: 23/23
 41459 | D:15     | Received a gift from Trog
 41618 | Depths:1 | Entered Level 1 of the Depths
 42111 | Depths:1 | Noticed Asterion
 42455 | Depths:1 | Killed Asterion
 42461 | Depths:1 | Reached skill level 5 in Shields
 42528 | Depths:1 | Found a shattered altar of Ashenzari.
 42968 | Depths:1 | Got an ichor-stained chain mail
 42972 | Depths:1 | Identified the +5 chain mail of the Thunderstorm {rCorr} (You found it on level 1 of the Depths)
 43116 | Depths:1 | Found a gateway to Hell.
 43522 | Depths:1 | Received a gift from Trog
 44047 | Depths:2 | Found a one-way gate to the infinite horrors of the Abyss.
 44529 | Depths:2 | Reached XP level 19. HP: 183/183 MP: 24/24
 44581 | Depths:2 | Found a gateway to a ziggurat.
 44721 | Depths:2 | Reached skill level 10 in Shields
 45188 | Depths:2 | Received a gift from Trog
 45577 | Depths:2 | You fall through a shaft for 2 floors!
 46143 | Vaults:1 | Entered Level 1 of the Vaults
 46662 | Vaults:1 | Noticed Donald
 46682 | Vaults:1 | Killed Donald
 46682 | Vaults:1 | Received a gift from Trog
 47176 | Vaults:1 | Found Kereub's Magic Scroll Shop.
 47189 | Vaults:1 | Bought a scroll of identify for 26 gold pieces
 47189 | Vaults:1 | Bought a scroll of identify for 26 gold pieces
 47189 | Vaults:1 | Bought a scroll of identify for 26 gold pieces
 47189 | Vaults:1 | Bought a scroll of teleportation for 39 gold pieces
 47189 | Vaults:1 | Bought a scroll of enchant weapon for 97 gold pieces
 47189 | Vaults:1 | Bought a scroll of identify for 26 gold pieces
 47189 | Vaults:1 | Bought a scroll of identify for 26 gold pieces
 47189 | Vaults:1 | Bought a scroll of enchant weapon for 97 gold pieces
 47899 | Vaults:2 | Reached XP level 20. HP: 174/194 MP: 25/25
 48455 | Vaults:2 | Received a gift from Trog
 49592 | Depths:3 | Found a one-way gate leading to the halls of Pandemonium.
 49649 | Depths:3 | Got a bone mace
 49650 | Depths:3 | Identified the +4 mace of Nightmares {distort, rC+ MR- Dex+2} (You found it on level 3 of the Depths)
 49670 | Depths:3 | Found a corrupted altar of Lugonu.
 49798 | Depths:3 | Found Duodau's Food Emporium.
 49799 | Depths:3 | Found Sokene's Magic Scroll Shoppe.
 49799 | Depths:3 | Found Xoraruci's Food Emporium.
 49811 | Depths:3 | Found Tiecel's Book Shoppe.
 49823 | Depths:3 | Bought a scroll of teleportation for 54 gold pieces
 49823 | Depths:3 | Bought a scroll of teleportation for 54 gold pieces
 51111 | Depths:4 | Reached skill level 15 in Shields
 51321 | Depths:4 | Noticed Jory
 51337 | Depths:4 | Killed Jory
 51637 | Depths:4 | Noticed a juggernaut
 51655 | Depths:4 | Killed a juggernaut
 51942 | Depths:4 | Reached XP level 21. HP: 194/203 MP: 26/26
 52094 | Depths:5 | Entered Level 5 of the Depths
 52164 | Depths:5 | Found Eliyxt's Antique Weapon Shoppe.
 52245 | Depths:5 | Paralysed by a floating eye for 2 turns
 52271 | Depths:5 | Found Geurus's Book Shop.
 52303 | Depths:5 | Received a gift from Trog
 52337 | Depths:5 | Identified a +0 pair of boots of running (You acquired it on level 5 of the Depths)
 52576 | Depths:5 | Noticed a golden dragon
 52599 | Depths:5 | Killed a golden dragon
 52612 | Depths:5 | Noticed a golden dragon
 52619 | Depths:5 | Killed a golden dragon
 52953 | Depths:5 | Found Reahuer's Distillery.
 52961 | Depths:5 | Bought a potion of heal wounds for 80 gold pieces
 52961 | Depths:5 | Bought a potion of beneficial mutation for 560 gold pieces
 52961 | Depths:5 | Bought a potion of heal wounds for 80 gold pieces
 52968 | Depths:5 | Gained mutation: Your muscles are strong. (Str +2) [potion of beneficial mutation]
 53017 | Depths:5 | Found Daijit's Jewellery Shop.
 53017 | Depths:5 | Found Oskeirit's Gadget Shoppe.
 53018 | Depths:5 | Found Mismafoc's Gadget Shoppe.
 53027 | Depths:5 | Bought a +6 amulet of reflection for 500 gold pieces
 53722 | Depths:5 | Found a gate to the Realm of Zot.
 54287 | Vaults:2 | Received a gift from Trog
 54291 | Vaults:2 | Got a transparent eveningstar {god gift}
 54294 | Vaults:2 | Identified the +10 eveningstar "Jyplowk" {venom, rElec Int+4} (Trog gifted it to you on level 2 of the Vaults)
 54992 | Vaults:3 | Found a staircase to the Crypt.
 55432 | D:10     | You paid a toll of 15 scrolls of teleportation to enter a treasure trove
 55433 | Trove    | Entered a treasure trove
 55958 | Depths:3 | Bought 2 scrolls of enchant weapon for 270 gold pieces
 55958 | Depths:3 | Bought a scroll of identify for 36 gold pieces
 55958 | Depths:3 | Bought a scroll of identify for 36 gold pieces
 55958 | Depths:3 | Bought a scroll of identify for 36 gold pieces
 55958 | Depths:3 | Bought a scroll of identify for 36 gold pieces
 56281 | Vaults:3 | Reached XP level 22. HP: 214/214 MP: 27/27
 56472 | Vaults:3 | Received a gift from Trog
 56769 | Vaults:3 | Gained mutation: Your skin changes colour to match your surroundings (Stealth+). [potion of beneficial mutation]
 56770 | Vaults:3 | Gained mutation: You are partially covered in yellow scales. (AC +2) [potion of beneficial mutation]
 57240 | Vaults:4 | Received a gift from Trog
 58125 | Vaults:5 | Entered Level 5 of the Vaults
 58223 | Vaults:4 | Received a gift from Trog
 58542 | Vaults:4 | Killed from afar by a quicksilver dragon

Skill      XL: |  1  2  3  4  5  6  7  8  9 10 11 12 13 14 15 16 17 18 19 20 21 22 |
---------------+-------------------------------------------------------------------+-----
Maces & Flails | 4 5 7 8 9 11 13 14 16 | 16.7
Fighting       | 4 5 6 7 8 9 11 12 13 15 16 17 18 19 20 21 22 | 22.7
Armour         | 3 4 5 6 7 9 10 11 13 15 16 17 18 19 20 21 22 | 22.4
Dodging        | 3 4 5 7 8 9 11 12 14 15 16 17 18 19 20 21 | 21.3
Evocations     | 4 7 8 |  8.1
Shields        | 2 9 13 15 17 18 | 18.9

Action                   |  1- 3 |  4- 6 |  7- 9 | 10-12 | 13-15 | 16-18 | 19-21 | 22-24 || total
-------------------------+-------+-------+-------+-------+-------+-------+-------+-------++-------
Melee: Mace              |    52 |   135 |       |       |       |    35 |     2 |       ||   224
       Headbutt          |     6 |    29 |    44 |   222 |   347 |   418 |   468 |   185 ||  1719
       Whip              |       |    60 |   308 |   490 |       |       |       |       ||   858
       Great mace        |       |       |       |   275 |   235 |       |       |       ||   510
       Eveningstar       |       |       |       |       |   951 |  1300 |  1270 |   526 ||  4047
       Demon whip        |       |       |       |       |       |       |    14 |       ||    14
Invok: Berserk           |     1 |     2 |     3 |     8 |     6 |     7 |     3 |       ||    30
       Burn Spellbooks   |       |       |     1 |     3 |     4 |     3 |     5 |       ||    16
       Brothers in Arms  |       |       |       |       |       |     2 |     3 |     2 ||     7
       Trog's Hand       |       |       |       |       |       |     1 |       |       ||     1
Evoke: Wand              |       |       |       |       |       |     1 |     2 |     1 ||     4
       Sack of spiders   |       |       |       |       |       |       |     1 |       ||     1
  Use: Scroll            |       |       |     1 |    22 |     5 |    17 |    20 |     1 ||    66
       Potion            |       |       |       |     4 |     1 |     4 |     1 |     7 ||    17
 Stab: Sleeping          |     1 |       |       |       |       |       |       |       ||     1
       Held in net/web   |       |       |       |       |       |     1 |       |       ||     1
       Distracted        |       |       |       |       |       |     1 |       |       ||     1
  Eat: Chunk             |     1 |     7 |     5 |    17 |    19 |    13 |    20 |       ||    82
       Beef jerky        |       |       |     4 |     1 |       |     3 |     3 |       ||    11
       Royal jelly       |       |       |     1 |       |     1 |       |     1 |       ||     3
       Pizza             |       |       |     2 |       |     1 |     2 |       |       ||     5
       Fruit             |       |       |       |     3 |       |     3 |     7 |       ||    13
       Bread ration      |       |       |       |     3 |     6 |     3 |     1 |     1 ||    14
       Meat ration       |       |       |       |       |     2 |     4 |     3 |     2 ||    11
Armor: Animal skin       |     8 |       |       |       |       |       |       |       ||     8
       Chain mail        |    14 |   102 |    95 |    15 |       |       |       |       ||   226
       Plate armour      |       |       |       |   330 |   572 |   768 |   334 |   181 ||  2185
Dodge: Dodged            |    24 |    94 |   101 |   374 |   884 |   929 |   418 |   237 ||  3061
Block: Other             |       |       |       |       |   204 |    91 |       |       ||   295
       Reflection        |       |       |       |       |    15 |    69 |   124 |    26 ||   234
       Shield            |       |       |       |       |       |   347 |  1208 |   644 ||  2199
